 Dungeon Crawl Stone Soup version 0.29-a0-88-g03a7b78be7 (webtiles) character file.

Game seed: 3846250239558263068

58 lordive the Sneak (level 3, -3/16 HPs)
             Began as a Spriggan Enchanter on Feb 6, 2022.
             Killed by nerve-wracking pain
             ... invoked by a shadow imp
              (8 damage)
             ... on level 3 of the Dungeon.
             The game lasted 00:03:28 (2672 turns).

lordive the Sneak (Spriggan Enchanter)              Turns: 2672, Time: 00:03:30

Health: -3/16      AC:  2    Str:  4    XL:     3   Next: 76%
Magic:  8/8        EV: 18    Int: 18    God:
Gold:   108        SH:  5    Dex: 15    Spells: 6/8 levels left

rFire   . . .      SeeInvis +   a - +1 dagger
rCold   . . .      Faith    .   (no shield)
rNeg    . . .      Spirit   .   b - +0 robe
rPois   .          Reflect  +   (helmet restricted)
rElec   .          Harm     .   (no cloak)
rCorr   .          Rampage  .   (gloves unavailable)
Will    .....                   (boots unavailable)
Stlth   +++.......              d - amulet of reflection
HPRegen 0.05/turn               (no ring)
MPRegen 0.11/turn               (no ring)

@: very quick
A: very small, no large weapons, unfitting armour, see invisible, speed 3
a: no special abilities


You were on level 3 of the Dungeon.
You visited 1 branch of the dungeon, and saw 3 of its levels.

You collected 108 gold pieces.

Inventory:

Hand Weapons
 a - a +1 dagger (weapon)
Armour
 b - a +0 robe (worn)
Jewellery
 d - an amulet of reflection (around neck)
 l - an amulet of magic regeneration
 m - a +4 ring of protection
Scrolls
 e - a scroll of blinking {unknown}
 g - 2 scrolls of identify {unknown}
 h - a scroll of fear {unknown}
 k - a scroll of fog {unknown}
 n - a scroll of immolation {unknown}
Potions
 c - a potion of invisibility
 f - 3 potions of berserk rage {unknown}
 i - a potion of curing {unknown}
 j - a potion of attraction {unknown}


   Skills:
 + Level 1.1 Short Blades
 + Level 3.4 Dodging
 + Level 5.4 Stealth
 + Level 0.3 Shields
 + Level 3.2 Spellcasting
 + Level 4.0 Hexes
 + Level 0.7 Ice Magic


You had 6 spell levels left.
You knew the following spells:

 Your Spells              Type           Power      Damage    Failure   Level
a - Ensorcelled Hibernat  Hex/Ice        22%        N/A       9%          2

Your spell library contained the following spells:

 Spells                   Type           Power      Damage    Failure   Level
 Confusing Touch          Hex            17%        N/A       10%         3
 Tukima's Dance           Hex            17%        N/A       10%         3
 Animate Skeleton         Necr           4%         N/A       16%         1
 Beastly Appendage        Tmut           4%         N/A       16%         1
 Pain                     Necr           8%         1d4       16%         1
 Dazzling Flash           Conj/Hex       20%        N/A       22%         3
 Wereblood                Tmut           2%         N/A       24%         2
 Spider Form              Tmut/Pois      2%         N/A       43%         3
 Vampiric Draining        Necr           2%         2d6       43%         3


Dungeon Overview and Level Annotations

Branches:
Dungeon (3/15)

Altars:

Shops:
D:3 [


Innate Abilities, Weirdness & Mutations

You are very small and have problems with some larger weapons.
You are too small for most types of armour.
You have supernaturally acute eyesight. (SInv)
You cover ground extremely quickly. (Speed+++)


Message History

You are too depleted to draw on your mana recklessly!
You hit the kobold.
You kill the kobold!
Things that are here:
a +0 club; a kobold corpse Your magical contamination has completely faded away.
Key pressed, stopping explore.
Found a stone staircase leading down.
There is a stone staircase leading down here.
n - a scroll labelled DUGISSA HOLYK An endoplasm comes into view.
An endoplasm is nearby!
An endoplasm is nearby!
The helpless endoplasm fails to defend itself.
You impale the endoplasm!!
You kill the endoplasm!
Your Hexes skill increases to level 4!
Found a spear.
Found 18 sling bullets.
You see here 18 sling bullets.
Found 28 arrows.
Found 16 stones.
Found an escape hatch in the floor.
There is an escape hatch in the floor here.
A goblin comes into view. It is wielding a +0 club.
A goblin is nearby!
A shadow imp comes into view.
The shadow imp shouts, "Remove thy stench, thou dankish shard-borne vassal!"
The shadow imp gestures at you. Pain shoots through your body!
Ouch! That really hurt!
You are too injured to fight recklessly!
Unknown command.
The helpless goblin fails to defend itself.
You impale the goblin!!
You kill the goblin!
The shadow imp gestures at you. Pain shoots through your body!
Ouch! That really hurt!
You die...

#(#.####.# #.#.......
#########.######.#
#...>.............
#.#######.######.# #.#
#.# #.#
#.#####.#######.######..
..5...............(.....
#.#
#.#####@####.##..#######
#.## #......)...(.....#
#.. ..#####.####.###.#
..#### ###.# #.# # #.#
....... ...#####.# #.#
...... ... ..... ...
..#<#### #.# #.###
#.#...#.#
.......###.###.######.#
.#.....#
.##....................
.......


You could see a shadow imp.

Vanquished Creatures
  An adder (D:2)
  A worm (D:2)
  A dart slug (D:2)
  2 endoplasms
  A giant cockroach (D:1)
  7 goblins
  7 hobgoblins
  3 jackals (D:1)
  5 ball pythons
  5 bats
  3 frilled lizards
  6 kobolds
  3 rats
45 creatures vanquished.

Notes
Turn   | Place    | Note
-------+----------+-------------------------------------------
     0 | D:1      | lordive the Spriggan Enchanter began the quest for the Orb.
     0 | D:1      | Reached XP level 1. HP: 9/9 MP: 5/5
   166 | D:1      | Reached XP level 2. HP: 13/13 MP: 7/7
   204 | D:1      | Learned a level 2 spell: Ensorcelled Hibernation
   976 | D:2      | Reached XP level 3. HP: 16/16 MP: 8/8
  1405 | D:2      | Found a faded altar of an unknown god.
  1596 | D:2      | Reached skill level 5 in Stealth
  2275 | D:3      | Found Jioni's Armour Shop.
  2672 | D:3      | Killed from afar by a shadow imp

Illustrated notes

Levels and vault maps discovered:
D:1:      ncdulo_smallfort, layout_rooms
D:2:      layout_basic, ebering_ecumenical_altar_hall, minmay_tetromino_i2
D:3:      layout_basic, serial_shops, shop

Skill      XL: |  1  2  3 |
---------------+----------+-----
Dodging        | 3 |  3.4
Spellcasting   | 3 |  3.2
Stealth        | 5 |  5.4
Hexes          | 4 |  4.0
Short Blades   | |  1.1
Shields        | |  0.3
Ice Magic      | |  0.7

Action                   || total
-------------------------++-------
Melee: Dagger            ||    97
       Punch             ||     1
 Cast: Ensorcelled Hiber ||    33
 Stab: Sleeping          ||    31
Armor: Robe              ||     5
Dodge: Dodged            ||    76
Block: Other             ||    22

Table legend: (Time is in decaauts)
 A = Elapsed time spent in this place.
 B = Non-inter-level travel time spent in this place.
 C = Inter-level travel time spent in this place.
 D = Time resting spent in this place.
 E = Time spent auto-exploring this place.
 F = Levels seen in this place.
 G = Mean time per level.
                   A        B        C        D        E       F      G
               +--------+--------+--------+--------+--------+-----+--------+
         Total |   2013 |   1991 |     22 |      0 |   1691 |   3 |  671.0 |
       Dungeon |   2013 |   1991 |     22 |      0 |   1691 |   3 |  671.0 |
               +--------+--------+--------+--------+--------+-----+--------+

Top non-repeatable levels by time:
     D:2: 890 daAuts
     D:1: 802 daAuts
     D:3: 320 daAuts
